 Dungeon Crawl Stone Soup version 0.28.0 (webtiles) character file.

Game seed: 17551287709731634276

413 Sanktem7 the Chopper (level 6, -1/56 HPs)
             Began as a Minotaur Fighter on Feb 13, 2022.
             Slain by Duvessa (14 damage)
             ... on level 4 of the Dungeon.
             The game lasted 00:02:41 (1525 turns).

Sanktem7 the Chopper (Minotaur Fighter)             Turns: 1525, Time: 00:02:42

Health: -1/56      AC: 11    Str: 23    XL:     6   Next: 59%
Magic:  5/5        EV:  7    Int:  5    God:
Gold:   99         SH:  4    Dex:  9    Spells: 5/5 levels left

rFire   . . .      SeeInvis .   a - +0 war axe
rCold   . . .      Faith    .   c - +0 buckler
rNeg    . . .      Spirit   .   e - +0 chain mail
rPois   .          Reflect  .   (helmet restricted)
rElec   .          Harm     .   f - +0 cloak
rCorr   .          Rampage  .   (no gloves)
Will    .....                   (no boots)
Stlth   ..........              k - amulet of regeneration
HPRegen 0.98/turn               (no ring)
MPRegen 0.09/turn               (no ring)

@: no status effects
A: horns 2, retaliatory headbutt
a: no special abilities


You were on level 4 of the Dungeon.
You visited 1 branch of the dungeon, and saw 3 of its levels.

You collected 99 gold pieces.

Inventory:

Hand Weapons
 a - a +0 war axe (weapon)
Armour
 c - a +0 buckler (worn)
 e - a +0 chain mail (worn)
 f - a +0 cloak (worn)
Jewellery
 k - an amulet of regeneration (around neck)
Scrolls
 b - 2 scrolls of fog {unknown}
 h - 2 scrolls of identify {unknown}
 i - a scroll of silence {unknown}
 j - a scroll of acquirement {unknown}
 l - a scroll of fear {unknown}
 m - a scroll of enchant weapon {unknown}
Potions
 d - a potion of might
 g - a potion of resistance {unknown}
 n - a potion of curing {unknown}


   Skills:
 * Level 5.0 Fighting
 * Level 6.7 Axes
 * Level 5.4 Armour
 - Level 3.6 Shields


You had 5 spell levels left.
You didn't know any spells.
Your spell library contained the following spells:

 Spells                   Type           Power      Damage    Failure   Level
 Apportation              Tloc           0%         N/A       99%         1
 Slow                     Hex            0%         N/A       99%         1
 Confusing Touch          Hex            0%         N/A       100%        3
 Vampiric Draining        Necr           0%         2d6       100%        3
 Alistair's Intoxication  Tmut/Pois      0%         N/A       100%        5


Dungeon Overview and Level Annotations

Branches:
Dungeon (2/15)

Altars:
Ru

Annotations:
D:4 Duvessa


Innate Abilities, Weirdness & Mutations

You have a pair of horns on your head.
You reflexively headbutt those who attack you in melee.


Message History

The puff of flame hits you but does no damage.
Duvessa hits you but does no damage.
You slash Dowan! You headbutt Dowan.
Dowan is heavily wounded.
You completely miss Duvessa. Duvessa barely misses you.
Dowan hits you with a +0 hand axe. Duvessa hits you with a +0 short sword!
Dowan casts a spell at you.
The puff of frost hits you but does no damage.
You barely miss Dowan.
Dowan is heavily wounded.
You closely miss Duvessa.
Duvessa says, "Where magic fails, the sword succeeds!"
Duvessa hits you with a +0 short sword. Dowan hits you but does no damage.
You closely miss Dowan. Your headbutt misses Dowan.
Dowan is heavily wounded.
You hit Duvessa but do no damage. Duvessa barely misses you.
Duvessa hits you but does no damage. You block Dowan's attack.
You closely miss Dowan.
Dowan is heavily wounded.
You hit Duvessa but do no damage. Duvessa hits you with a +0 short sword.
You block Dowan's attack. Duvessa barely misses you. You furiously retaliate!
You headbutt Duvessa. You slash Dowan!
You kill Dowan!
Duvessa screams, "No!
How DARE you!"
Duvessa goes berserk!
You barely miss Duvessa. Duvessa closely misses you.
Duvessa hits you but does no damage.
Your Fighting skill increases to level 5!
Items here: ) / [ †.
You slash Duvessa!
Duvessa is moderately wounded.
You block Duvessa's attack. Duvessa hits you with a +0 short sword.
You barely miss Duvessa. You headbutt Duvessa.
Duvessa is heavily wounded.
Duvessa hits you but does no damage. Duvessa hits you with a +0 short sword!
* * * LOW HITPOINT WARNING * * *
You slash Duvessa! You headbutt Duvessa.
Duvessa is severely wounded.
Duvessa hits you with a +0 short sword!
You die...

##.#...#.# #.....
#.#.....#.# #...#.#
#.#.≈≈≈.#.# #####.#
#.#≈...≈#.## #####
#.#≈._.≈#..# )...#
#.#≈...≈#..# ..!..#
#.#.≈≈≈.#..# .....#
#.#.....#..####.....#
#..#...#...e@.......#
#.#.#.#.#.##$........
#.##.#.##.##<........
#.###.###.######..... .
#.# ### #.# ...( # #.#
####+#### ... # #..
........# # ###
#.....#.# #############
#.....#.###......#....##


You could see Duvessa (berserk, fast).

Vanquished Creatures
  A kobold brigand (D:4)
  A scorpion (D:4)
  Dowan (D:4)
  A hound (D:4)
  2 orc priests (D:4)
  Terence (D:2)
  2 orc wizards (D:4)
  A hound skeleton (D:4)
  An adder (D:4)
  An ufetubus (D:4)
  An adder skeleton (D:4)
  2 worms (D:2)
  A dart slug (D:1)
  3 endoplasms (D:1)
  2 giant cockroaches
  3 goblins
  4 hobgoblins
  4 jackals (D:1)
  5 kobolds
  5 ball pythons
  3 frilled lizards
45 creatures vanquished.

Notes
Turn   | Place    | Note
-------+----------+-------------------------------------------
     0 | D:1      | Sanktem7 the Minotaur Fighter began the quest for the Orb.
     0 | D:1      | Reached XP level 1. HP: 19/19 MP: 0/0
   430 | D:1      | Reached XP level 2. HP: 27/27 MP: 1/1
   739 | D:1      | Reached skill level 3 in Axes
  1024 | D:2      | Reached XP level 3. HP: 31/33 MP: 2/2
  1025 | D:2      | Noticed Terence
  1036 | D:2      | Killed Terence
  1235 | D:2      | You fall into a shaft and drop 2 floors!
  1240 | D:4      | Reached skill level 4 in Axes
  1240 | D:4      | Reached XP level 4. HP: 40/41 MP: 3/3
  1367 | D:4      | Noticed a scorpion
  1370 | D:4      | Killed a scorpion
  1371 | D:4      | Reached skill level 5 in Axes
  1371 | D:4      | Reached XP level 5. HP: 40/47 MP: 4/4
  1422 | D:4      | Found a sacrificial altar of Ru.
  1432 | D:4      | Reached skill level 5 in Armour
  1435 | D:4      | Reached skill level 6 in Axes
  1435 | D:4      | Reached XP level 6. HP: 33/55 MP: 5/5
  1498 | D:4      | Noticed Duvessa
  1499 | D:4      | Noticed Dowan
  1521 | D:4      | Killed Dowan
  1522 | D:4      | Reached skill level 5 in Fighting
  1525 | D:4      | Slain by Duvessa

Illustrated notes

Levels and vault maps discovered:
D:1:      minmay_arrival_cross, layout_basic, moated_statue
D:2:      layout_rooms, uniq_terence, uniq_sigmund, uniq_crazy_yiuf_cottage
D:4:      layout_basic, nicolae_ru_awakened_eye, uniq_duvessa

Skill      XL: |  1  2  3  4  5  6 |
---------------+-------------------+-----
Fighting       | 4 5 |  5.0
Armour         | 4 5 |  5.4
Axes           | 3 4 5 6 |  6.7
Shields        | |  3.6

Action                   |  1- 3 |  4- 6 || total
-------------------------+-------+-------++-------
Melee: War axe           |    54 |    60 ||   114
       Headbutt          |     6 |     6 ||    12
Armor: Chain mail        |    26 |    52 ||    78
       Scale mail        |     1 |       ||     1
Dodge: Dodged            |    17 |    10 ||    27
Block: Buckler           |    17 |    14 ||    31
